 Dungeon Crawl Stone Soup version 0.32-a0-616-g9348d4545b (webtiles) character file.

Game seed: 5169703645636858453

4497 Fodor the Cruncher (level 10, -3/89 HPs)
             Began as a Minotaur Fighter on Mar 5, 2024.
             Was an Initiate of Gozag.
             Slain by a gnoll bouda
             ... wielding a +0 halberd
              (4 damage)
             ... in a bailey.
             The game lasted 00:22:48 (7161 turns).

Fodor the Cruncher (Minotaur Fighter)               Turns: 7161, Time: 00:22:50

Health: -3/89      AC: 16    Str: 27    XL:     10   Next: 16%
Magic:  0/9        EV: 11    Int: 11    God:    Gozag
Gold:   308        SH:  0    Dex: 11    Spells: 9/9 levels left

rFire   + . .        a - +4 quarterstaff (chaos)
rCold   x . .        (shield currently unavailable)
rNeg    + . .        b - +0 pearl dragon scales
rPois   .            (helmet restricted)
rElec   .            r - +0 cloak
rCorr   .            j - +0 pair of gloves
SInv    +            (no boots)
Will    .....        h - amulet of guardian spirit Stlth
                     m - ring "Pueloplo" {Fire Fly Str+3 SInv}
HPRegen 0.34/turn    s - +6 ring of intelligence
MPRegen 0.11/turn

%: guardian spirit
@: flying
A: horns 2, retaliatory headbutt
a: Renounce Religion, Potion Petition, Call Merchant, Bribe Branch


You were in a bailey.
You worshipped Gozag.
Gozag was aware of your devotion.
You visited 2 branches of the dungeon, and saw 10 of its levels.
You also visited: Sewer and Bailey.

You collected 1337 gold pieces.
You spent 935 gold pieces at shops.
You paid 94 gold pieces to Gozag.

Inventory:

Hand Weapons
 a - a +4 quarterstaff of chaos (weapon)
Missiles
 J - 2 throwing nets (quivered)
Armour
 b - +0 pearl dragon scales (worn)
 j - a +0 pair of gloves (worn)
 r - a +0 cloak (worn)
Jewellery
 h - an amulet of guardian spirit (around neck)
 m - the ring "Pueloplo" (left hand) {Fire Fly Str+3 SInv}
   (You found it on level 2 of the Dungeon)

   [ring of fire]

   Fire:      It enhances your fire magic.
   Str+3:     It affects your strength (+3).
   rF+:       It protects you from fire.
   rC-:       It makes you vulnerable to cold.
   SInv:      It lets you see invisible.
   Fly:       It grants you flight.
 q - a +5 ring of evasion
 s - a +6 ring of intelligence (right hand)
 z - a ring of positive energy
 E - a ring of willpower
 H - a ring of see invisible
Wands
 g - a wand of mindburst (33)
 i - a wand of paralysis (6)
 t - a wand of flame (29)
 v - a wand of digging (2)
 x - a wand of polymorph (6)
 G - a wand of quicksilver (12)
Scrolls
 e - 2 scrolls of revelation
 f - 2 scrolls of enchant weapon {unknown}
 k - 4 scrolls of teleportation
 n - a scroll of blinking {unknown}
 o - 3 scrolls of noise
 u - a scroll of butterflies {unknown}
 y - 2 scrolls of vulnerability {unknown}
 C - a scroll of fear {unknown}
Potions
 c - 2 potions of resistance {unknown}
 d - 2 potions of might
 l - a potion of invisibility {unknown}
 p - a potion of enlightenment {unknown}
 w - 2 potions of berserk rage
 A - 2 potions of ambrosia {unknown}
 B - a potion of brilliance {unknown}
 D - a potion of degeneration {unknown}
 F - 2 potions of cancellation {unknown}


   Skills:
 + Level 8.3 Fighting
 + Level 6.0 Axes
 + Level 10.9 Staves
 + Level 8.9 Armour
 + Level 5.0 Dodging
 + Level 1.2 Stealth
 + Level 4.3 Shields


You had 9 spell levels left.
You didn't know any spells.
Your spell library contained the following spells:

 Spells                   Type           Power      Damage    Failure   Level
 Magic Dart               Conj           0%         1d3       63%         1
 Slow                     Hex            0%         N/A       63%         1
 Cigotuvi's Dreadful Rot  Necr/Alch/Air  0%         N/A       77%         2
 Searing Ray              Conj           0%         2d4       77%         2
 Confusing Touch          Hex            0%         N/A       94%         3
 Fugue of the Fallen      Necr           0%         N/A       94%         3
 Ozocubu's Armour         Ice            0%         N/A       94%         3
 Sigil of Binding         Hex            0%         N/A       94%         3
 Vampiric Draining        Necr           0%         2d6       94%         3
 Dispel Undead            Necr           0%         3d6       100%        4
 Fulminant Prism          Conj/Alch      0%         3d5       100%        4
 Ignite Poison            Fire/Alch      0%         N/A       100%        4
 Manifold Assault         Tloc           0%         N/A       100%        4
 Martyr's Knell           Necr/Summ      0%         N/A       100%        4
 Borgnjor's Vile Clutch   Necr/Erth      0%         N/A       100%        5
 Freezing Cloud           Conj/Ice/Air   0%         6-21      100%        5
 Death Channel            Necr           0%         N/A       100%        6
 Animate Dead             Necr           Unusable   N/A       N/A         4

Dungeon Overview and Level Annotations

Branches:
Dungeon (9/15)             Temple (1/1) D:5            Lair (0/5) D:8
  Sewer (visited)          Bailey (1/1)
    Orc: D:9-12

Altars:
Ashenzari
Cheibriados
Dithmenos
Elyvilon
Fedhas
Gozag
Hepliaklqana
Kikubaaqudgha
Makhleb
Nemelex Xobeh
Okawaru
Qazlal
Ru
Sif Muna
Vehumet
Wu Jian
Xom
Yredelemnul
Zin
The Shining One

Shops:
D:7 *

Annotations:
Bailey Grum


Innate Abilities, Weirdness & Mutations

You have a pair of horns on your head.
You reflexively headbutt those who attack you in melee.


Message History

You hit the gnoll sergeant.
The gnoll sergeant seems to speed up.
You headbutt the gnoll sergeant, but do no damage.
The gnoll sergeant is lightly wounded.
The gnoll sergeant hits you with a +0 halberd!
Grum hits you from afar with a -1 glaive!
The gnoll sergeant hits you with a +0 halberd! x2
The gnoll sergeant is distracted by your dazzling golden aura.
Grum hits you but does no damage.
The gnoll sergeant hits you with a +0 halberd!
* * * LOW HITPOINT WARNING * * *
Things that are here:
9 gold pieces; a +0 trident; a +0 scale mail You feel better.
The gnoll sergeant misses you.
The gnoll sergeant hits you with a +0 halberd.
* * * LOW HITPOINT WARNING * * *
Grum closely misses you.
The gnoll sergeant shouts!
You sock the gnoll sergeant!
You feel better.
The gnoll sergeant is heavily wounded.
The gnoll bouda is no longer distracted by gold.
The gnoll sergeant closely misses you. You furiously retaliate!
You headbutt the gnoll sergeant. The gnoll sergeant closely misses you.
Grum closely misses you.
You hit the gnoll sergeant.
The gnoll sergeant is poisoned.
The gnoll sergeant is severely wounded.
The gnoll sergeant is no longer distracted by gold.
The gnoll sergeant hits you with a +0 halberd!
* * * LOW HITPOINT WARNING * * *
The gnoll bouda hits you from afar with a +0 halberd.
* * * LOW HITPOINT WARNING * * *
The gnoll sergeant hits you with a +0 halberd!
* * * LOW HITPOINT WARNING * * *
You hit the gnoll sergeant.
The gnoll sergeant is severely wounded.
The gnoll sergeant hits you but does no damage.
Grum hits you with a -1 glaive!
* * * LOW HITPOINT WARNING * * *
The gnoll bouda hits you from afar with a +0 halberd.
You die...
Your body crumbles into a pile of gold.

#...# #ß...
##'##
#....##)..##
#...##).)..##
#..g#.......#
#..g#...ß...#
#.gh#.......#
#.gg##.....##
#..@.##...##
#ß.g..##'##
#....$#...#
##....'.).+
##...#...#
#####...#
......
.........
≈≈≈≈≈≈≈≈≈≈≈


You could see Grum (swift), 3 gnoll sergeants, a wolf and 2 gnoll boudas.

Vanquished Creatures
  Maurice (D:8)
  Jeremiah (D:7)
  A komodo dragon (D:8)
  Eustachio (D:5)
  A steam dragon (D:6)
  Duvessa (D:4)
  2 acid dragons
  A swamp drake (D:7)
  3 sky beasts
  2 black bears
  2 ogres (D:7)
  A crocodile (Sewer)
  A phantom (D:6)
  2 kobold brigands
  A brain worm (Sewer)
  Blork the orc (D:6)
  A bullfrog (D:6)
  3 scorpions
  5 wights (D:7)
  Dowan (D:4)
  3 howler monkeys
  3 bombardier beetles
  2 gnoll boudas
  2 orc priests (D:8)
  Crazy Yiuf (D:3)
  7 hounds
  2 jellies
  Jessica (D:3)
  7 iguanas
  An orc wizard (D:7)
  3 hell rats (D:8)
  A statue (D:5)
  6 adders
  18 gnolls
  2 river rats
  A shadow imp (D:7)
  A white imp (D:7)
  2 ufetubi (D:5)
  3 ribbon worms
  3 dart slugs
  13 orcs
  3 ball pythons
  13 bats
  9 endoplasms
  6 giant cockroaches
  12 goblins
  6 hobgoblins
  7 jackals
  5 quokkas
  4 frilled lizards
  13 kobolds
  5 rats
  A spectral goblin (D:5)
198 creatures vanquished.

Notes
Turn   | Place    | Note
-------+----------+-------------------------------------------
     0 | D:1      | Fodor the Minotaur Fighter began the quest for the Orb.
     0 | D:1      | Reached XP level 1. HP: 19/19 MP: 0/0
   100 | D:1      | Reached XP level 2. HP: 17/27 MP: 1/1
   336 | D:1      | Noticed a glass eye
   338 | D:1      | Found a faded altar of an unknown god.
   341 | D:1      | Noticed a shining eye
   341 | D:1      | Noticed a golden eye
   341 | D:1      | Noticed a shining eye
   388 | D:1      | Reached XP level 3. HP: 32/33 MP: 2/2
  1036 | D:2      | Identified the ring "Pueloplo" {Fire Fly Str+3 SInv}
  1055 | D:2      | Reached XP level 4. HP: 40/40 MP: 3/3
  1461 | D:3      | Found a runed translucent door.
  1462 | D:3      | Noticed Crazy Yiuf
  1468 | D:3      | Killed Crazy Yiuf
  1565 | D:3      | Noticed a black bear
  1574 | D:3      | Killed a black bear
  1575 | D:3      | Reached skill level 1 in Dodging
  1575 | D:3      | Reached XP level 5. HP: 44/47 MP: 4/4
  1753 | D:3      | Reached skill level 5 in Axes
  1930 | D:3      | Noticed Jessica
  1936 | D:3      | Killed Jessica
  2003 | D:3      | Reached XP level 6. HP: 53/53 MP: 5/5
  2276 | D:4      | Reached skill level 1 in Staves
  2630 | D:4      | Reached skill level 2 in Staves
  2642 | D:4      | Found a glowing drain.
  2646 | Sewer    | Entered a sewer
  2673 | Sewer    | Reached skill level 5 in Fighting
  2673 | Sewer    | Reached skill level 5 in Armour
  2686 | Sewer    | Reached skill level 3 in Staves
  2686 | Sewer    | Reached XP level 7. HP: 50/61 MP: 4/6
  2832 | D:4      | Identified the +5 ring mail of Time Monsters {rC+ Int+3
                  | SInv Stlth+}
  2851 | D:4      | Noticed Duvessa
  2851 | D:4      | Noticed Dowan
  2863 | D:4      | Killed Duvessa
  2865 | D:4      | Killed Dowan
  2866 | D:4      | Reached skill level 4 in Staves
  3382 | D:5      | Entered Level 5 of the Dungeon
  3386 | D:5      | Found a staircase to the Ecumenical Temple.
  3401 | Temple   | Entered the Ecumenical Temple
  3409 | Temple   | Became a worshipper of Gozag Ym Sagoz the Greedy
  3472 | D:5      | Reached skill level 1 in Stealth
  3478 | D:5      | Reached skill level 5 in Staves
  3545 | D:5      | Noticed Eustachio
  3557 | D:5      | Killed Eustachio
  3558 | D:5      | Reached XP level 8. HP: 65/69 MP: 7/7
  3560 | D:5      | Found a radiant altar of Vehumet.
  3759 | D:5      | Reached skill level 6 in Staves
  3852 | D:5      | Found a shadowy altar of Dithmenos.
  3948 | D:5      | Found a hazy altar of Hepliaklqana.
  4641 | D:6      | Found a glowing silver altar of Zin.
  4858 | D:6      | Noticed Blork the orc
  4864 | D:6      | Killed Blork the orc
  4865 | D:6      | Reached skill level 7 in Staves
  4991 | D:6      | Reached XP level 9. HP: 71/78 MP: 6/8
  5184 | D:7      | Reached skill level 8 in Staves
  5310 | D:7      | Found Ysurulua's Lightly-Used Armoury.
  5389 | D:7      | Noticed Jeremiah
  5400 | D:7      | Killed Jeremiah
  5468 | D:7      | Reached skill level 9 in Staves
  5832 | D:7      | Found a white marble altar of Elyvilon.
  5832 | D:7      | Found an ancient bone altar of Kikubaaqudgha.
  5982 | D:7      | Found an ornate altar of the Wu Jian Council.
  6199 | D:7      | Bought -3 pearl dragon scales for 935 gold pieces
  6245 | D:8      | Reached skill level 10 in Staves
  6245 | D:8      | Found a staircase to the Lair.
  6246 | D:8      | Noticed a komodo dragon
  6264 | D:8      | Killed a komodo dragon
  6564 | D:8      | Identified the +3 ring mail of the Comet {Rampage rC-
                  | Str+3}
  6617 | D:8      | Noticed Maurice
  6628 | D:8      | Killed Maurice
  6629 | D:8      | Reached skill level 5 in Dodging
  6629 | D:8      | Reached XP level 10. HP: 62/89 MP: 5/9
  7044 | D:9      | Found a flagged portal.
  7066 | Bailey   | Entered a bailey
  7151 | Bailey   | Noticed Grum
  7161 | Bailey   | HP: 1/89 [Grum/-1 glaive (8)]
  7161 | Bailey   | Slain by a gnoll bouda

Illustrated notes

Levels and vault maps discovered:
D:1:      wander_arrival_estate, layout_loops_cross,
          hellmonk_ecumenical_altar_watching_god, nicolae_the_louvre
D:2:      layout_basic
D:3:      layout_loops_ring, uniq_crazy_yiuf_cottage, uniq_jessica
D:4:      layout_basic, gup_sewer_entry_spiral, uniq_duvessa
D:5:      layout_loops_ring, kennysheep_mini_moat,
          nicolae_hepliaklqana_monster_ancestors, vehumet_statue,
          minmay_temple_entry_overgrown, serial_glass, glass_columns_a,
          glass_columns_c, serial_bayou_crossing, uniq_eustachio
D:6:      layout_loops_ring, zin_academy, uniq_blork_the_orc
D:7:      layout_basic, mainiacjoe_overflow_brackets, overflow_temple_1_default,
          mainiacjoe_overflow_surrounded_room, minmay_misc_feat_tower,
          minmay_shop_damaged, uniq_jeremiah
D:8:      layout_rooms, dpeg_lair_monsters, serial_curves, eino_curves_01,
          eino_curves_01, uniq_maurice
D:9:      layout_roguey, mainiacjoe_overflow_alcove_1, trog_antimagical,
          enter_bailey_3
Temple:   cyrus_circular_temple
Bailey:   bailey_polearm_gnolls_kennysheep, bailey

Skill      XL: |  1  2  3  4  5  6  7  8  9 |
---------------+----------------------------+-----
Shields        | 4 |  4.3
Fighting       | 4 5 6 8 |  8.3
Armour         | 4 5 6 7 8 |  8.9
Axes           | 3 4 5 6 |  6.0
Dodging        | 1 2 4 5 |  5.0
Staves         | 3 5 7 10 | 10.9
Stealth        | 1 |  1.2

Action                     |  1- 3 |  4- 6 |  7- 9 | 10-12 || total
---------------------------+-------+-------+-------+-------++-------
  Melee: War axe           |    91 |    18 |       |       ||   109
         Headbutt          |    13 |     9 |    37 |     9 ||    68
         Quarterstaff      |       |    62 |   240 |    45 ||   347
    Use: Potion            |       |       |     2 |     1 ||     3
         Scroll            |       |       |     7 |     1 ||     8
   Stab: Distracted        |       |       |       |     1 ||     1
 Armour: Scale mail        |    88 |    56 |   163 |       ||   307
         Pearl dragon scal |       |       |    23 |    62 ||    85
  Dodge: Dodged            |    54 |    47 |   121 |    57 ||   279
  Block: Buckler           |    20 |     2 |       |       ||    22

Table legend: (Time is in decaauts)
 A = Elapsed time spent in this place.
 B = Non-inter-level travel time spent in this place.
 C = Inter-level travel time spent in this place.
 D = Time resting spent in this place.
 E = Time spent auto-exploring this place.
 F = Levels seen in this place.
 G = Mean time per level.
                   A        B        C        D        E       F      G
               +--------+--------+--------+--------+--------+-----+--------+
         Total |   7161 |   7075 |     86 |    285 |   4420 |  12 |  596.8 |
       Dungeon |   6957 |   6871 |     86 |    285 |   4388 |   9 |  773.0 |
        Temple |     17 |     17 |      0 |      0 |      0 |   1 |   17.0 |
         Sewer |     97 |     97 |      0 |      0 |     32 |   1 |   97.0 |
        Bailey |     88 |     88 |      0 |      0 |      0 |   1 |   88.0 |
               +--------+--------+--------+--------+--------+-----+--------+

Top non-repeatable levels by time:
     D:7: 1066 daAuts
     D:4: 1014 daAuts
     D:5: 934 daAuts
     D:3: 889 daAuts
     D:6: 820 daAuts
     D:1: 748 daAuts
     D:8: 741 daAuts
     D:2: 664 daAuts
   Sewer: 97 daAuts
  Bailey: 88 daAuts
     D:9: 77 daAuts
  Temple: 17 daAuts
